 Dungeon Crawl Stone Soup version 0.31-a0-152-g6aa68a64a1 (webtiles) character file.

Game seed: 13181907026392047004

57810 Drazool the Fencer (level 14, 0/98 HPs)
             Began as a Demonspawn Gladiator on June 10, 2023.
             Was a High Priest of Cheibriados.
             Slain by an orc knight
             ... wielding a +0 great sword
              (15 damage)
             ... on level 1 of the Orcish Mines.
             The game lasted 01:05:47 (19756 turns).

Drazool the Fencer (Demonspawn Gladiator)          Turns: 19756, Time: 01:05:47

Health: 0/98       AC: 31    Str: 30    XL:     14   Next: 47%
Magic:  0/25       EV: 13    Int: 24    God:    Cheibriados [*****.]
Gold:   1339       SH:  0    Dex: 35    Spells: 13/13 levels left

rFire   . . .        a - +7 triple sword "Gyejid" {venom, rPois Dex+3 Stlth-}
rCold   . . .        (shield currently unavailable)
rNeg    . . .        g - +0 crystal plate armour
rPois   +            x - +0 helmet
rElec   .            q - +1 cloak
rCorr   +            (no gloves)
SInv    .            u - +2 pair of boots
Will    ++...        E - amulet of guardian spirit Stlth
                     P - ring of poison resistance
HPRegen 0.36/turn    W - ring "Virghyew" {Will+ rCorr}
MPRegen 0.19/turn

%: guardian spirit
@: agile, about to teleport, very slow
A: icy blue scales 2, demonic guardian 1, powered by pain 2, demonic touch 1
a: Renounce Religion, Bend Time, Temporal Distortion, Slouch, Step From Time


You were on level 1 of the Orcish Mines.
You worshipped Cheibriados.
Cheibriados was extremely pleased with you.
You visited 4 branches of the dungeon, and saw 18 of its levels.

You collected 1368 gold pieces.
You spent 29 gold pieces at shops.


Innate Abilities, Weirdness & Mutations

You are mostly covered in icy blue scales. (AC +3)
A weak demonic guardian rushes to your aid.
You sometimes gain power by taking damage.
Your touch may inflict minor irresistible damage on your foes.


   Skills:
 - Level 5.0 Fighting
 - Level 16.5 Long Blades
 - Level 6.7 Throwing
 + Level 10.8 Armour
 - Level 2.6 Dodging
 - Level 15.3 Invocations


You had 13 spell levels left.
You didn't know any spells.
Your spell library contained the following spells:

 Spells                   Type           Power      Damage    Failure   Level
 Portal Projectile        Hex/Tloc       0%         N/A       100%        3
 Tukima's Dance           Hex            0%         N/A       100%        3
 Passage of Golubria      Tloc           0%         N/A       100%        4
 Blade Hands              Tmut           0%         N/A       100%        5
 Iskenderun's Battlesphe  Conj           0%         2d6       100%        5
 Yara's Violent Unravell  Hex/Tmut       0%         3d3       100%        5
 Leda's Unmaking          Conj/Erth      0%         9d1       100%        6
 Spellforged Servitor     Conj/Summ      0%         N/A       100%        7

Inventory:

Hand Weapons
 a - the +7 triple sword "Gyejid" (weapon) {venom, rPois Dex+3 Stlth-}
   (You acquired it on level 2 of the Lair of Beasts)

   Dex:       It affects your dexterity (+3).
   rPois:     It protects you from poison.
   Stlth:     It makes you less stealthy.
 b - a +1 dagger of draining
 w - a +2 heavy falchion
 H - a +3 great sword
 K - a +3 long sword
 N - a +0 great mace
Missiles
 d - 4 throwing nets (quivered) {=f}
 e - a javelin
 r - 36 poisoned darts
Armour
 g - a +0 crystal plate armour (worn)
 q - a +1 cloak (worn)
 u - a +2 pair of boots (worn)
 x - a +0 helmet (worn)
 G - a scarf of repulsion
Magical Staves
 j - a staff of earth {!a}
 o - a staff of fire {!a}
Jewellery
 c - a ring of protection from cold
 l - the ring of Reveif {rCorr MP+9 Str+6}
   (You took it off a kobold brigand on level 9 of the Dungeon)

   [ring of strength]

   Str:       It affects your strength (+6).
   MP:        It affects your magic capacity (+9).
   rCorr:     It protects you from acid and corrosion.
 C - a ring of ice
 D - a +6 ring of dexterity
 E - an amulet of guardian spirit (around neck)
 I - a +6 ring of intelligence
 P - a ring of poison resistance (left hand)
 T - a +4 ring of protection
 W - the ring "Virghyew" (right hand) {Will+ rCorr}
   (You found it on level 5 of the Lair of Beasts)

   [ring of resist corrosion]

   rCorr:     It protects you from acid and corrosion.
   Will:      It increases your willpower.
Wands
 y - a wand of charming (7)
 A - a wand of flame (6)
 O - a wand of digging (10)
 S - a wand of roots (3)
 X - a wand of polymorph (6)
Scrolls
 i - 3 scrolls of immolation
 k - 3 scrolls of fog
 m - 4 scrolls of silence {!r}
 p - a scroll of teleportation {@r2}
 s - a scroll of magic mapping
 v - 2 scrolls of fear {unknown}
 z - 4 scrolls of enchant weapon
 F - 5 scrolls of noise
 J - a scroll of amnesia
 Q - 2 scrolls of poison
Potions
 f - a potion of attraction
 h - 3 potions of curing {unknown}
 n - 2 potions of brilliance {unknown}
 t - 4 potions of might
 B - 3 potions of enlightenment
 L - 2 potions of degeneration {unknown}
 M - 2 potions of magic {unknown}
 U - 3 potions of lignification {unknown}
Miscellaneous
 V - a lightning rod (4/4)

Dungeon Overview and Level Annotations

Branches:
Dungeon (10/15)            Temple (1/1) D:7            Lair (5/5) D:8
 Shoals (0/4) Lair:3       Spider (0/4) Lair:3        Slime (0/5) Lair:4
    Orc (2/2) D:9             Elf (0/3) Orc:2

Altars:
Ashenzari
Cheibriados
Dithmenos
Fedhas
Gozag
Hepliaklqana
Kikubaaqudgha
Nemelex Xobeh
Okawaru
Ru
Sif Muna
Trog
Uskayaw
Vehumet
Wu Jian
Xom
Yredelemnul
Lugonu

Shops:
D:2 [!:[   D:7 *   Orc:2 *

Portals:
Abyss: Lair:5

Annotations:
D:9 1 runed translucent door, Irreverend's ghost, novice DrFE
Orc:2 3 runed translucent doors, Adrian566's ghost, journeyman HOFi

.................# ####
#...............## ###..##
####.#.#........## ##.....## #
#....#.........### ##.......#
#..............#.###.#......##
#.......##...................# #
#......####..............#...##
###.....######.o)...............#
..##....###.##.O@............#.##
........#....#.[o.....####.#####
.............##........#####
....>...#.#.............#
..........#.........#...#
.................#####.##
...).............# ###
......#.......#.##
...###...[....###


You could see 2 orc knights and an ogre (very poisoned).


Message History

The orc warrior hits you but does no damage.
The orc warrior hits your ufetubus with a +2 hand axe of electrocution!
Your ufetubus dies!
Your ufetubus disappears in a puff of smoke!
The orc knight hits you but does no damage.
The orc knight hits you with a +0 great sword!!
* * * LOW HITPOINT WARNING * * *
You focus on the pain.
You feel agile all of a sudden.
Unknown command.
You slice the orc warrior!!
You kill the orc warrior!
Cheibriados thoroughly appreciates the change of pace.
The ogre barely misses you.
The orc knight hits you with a +0 great sword!!
* * * LOW HITPOINT WARNING * * *
The orc knight hits you with a +0 dire flail.
* * * LOW HITPOINT WARNING * * *
As you read the scroll of teleportation {@r2}, it crumbles to dust.
You feel strangely unstable.
The orc knight hits you but does no damage.
The orc knight roars a battlecry!
The orc knight goes into a battle-frenzy!
The ogre hits you with a +0 giant club.
* * * LOW HITPOINT WARNING * * *
You slice the ogre!!
The ogre is poisoned.
The ogre is severely wounded.
The orc knight hits you but does no damage.
The orc knight hits you with a +0 great sword!!
You die...

Skill      XL: |  1  2  3  4  5  6  7  8  9 10 11 12 13 14 |
---------------+-------------------------------------------+-----
Long Blades    | 3 4 6 7 9 11 13 14 15 16 | 16.5
Armour         | 4 8 10 | 10.8
Fighting       | 5 |  5.0
Invocations    | 6 7 9 13 15 | 15.3
Throwing       | 5 6 |  6.7
Dodging        | |  2.6

Action                     |  1- 3 |  4- 6 |  7- 9 | 10-12 | 13-15 || total
---------------------------+-------+-------+-------+-------+-------++-------
  Melee: Long sword        |    90 |   101 |    29 |       |       ||   220
         Touch             |    10 |    26 |    60 |    42 |    13 ||   151
         Punch             |     1 |       |     3 |     3 |     1 ||     8
         Falchion          |       |       |   248 |   240 |       ||   488
         Great sword       |       |       |       |   181 |       ||   181
         Triple sword      |       |       |       |   117 |   436 ||   553
         Dagger            |       |       |       |    10 |    41 ||    51
  Throw: Throwing net      |     1 |     1 |     4 |     2 |     1 ||     9
         Dart              |       |       |       |     4 |       ||     4
         Javelin           |       |       |       |       |     3 ||     3
 Invoke: Slouch            |       |       |       |     2 |     6 ||     8
  Evoke: Wand              |       |       |     6 |     4 |    10 ||    20
         Lightning rod     |       |       |       |       |     1 ||     1
    Use: Scroll            |       |     3 |     7 |     7 |     3 ||    20
         Potion            |       |       |     4 |     2 |     4 ||    10
   Stab: Sleeping          |     1 |       |       |       |       ||     1
         Distracted        |     1 |       |       |       |     1 ||     2
         Held in net/web   |       |     1 |     2 |     1 |     1 ||     5
         Invisible         |       |       |     4 |       |       ||     4
         Petrified         |       |       |       |     1 |       ||     1
 Armour: Leather armour    |     4 |       |       |       |       ||     4
         Crystal plate arm |    65 |    79 |   287 |   496 |   574 ||  1501
  Dodge: Dodged            |     7 |     2 |    17 |   106 |   278 ||   410

Levels and vault maps discovered:
D:1:      elethiomel_arrival_infinity_welcomes_careful_drivers, layout_basic
D:2:      layout_loops_corners, serial_shops, shop,
          nicolae_shop_tiny_waterfront, shop, shop,
          ebering_ecumenical_altar_mist, serial_bayou_pond_d,
          lexackson_kobold_supper, uniq_robin
D:3:      layout_loops_ring, hangedman_decor_diamond_cutter,
          palyth_stone_intersect, uniq_grinder
D:4:      layout_basic, nicolae_vehumet_altar_sigil,
          mainiacjoe_overflow_catwalk_spiral, uniq_duvessa, uniq_natasha
D:5:      layout_cave_pods, serial_glass, glass_columns_a, glass_columns_b,
          uniq_eustachio
D:6:      layout_loops_ring, lemuel_zombie_altar_yredelemnul
D:7:      layout_basic, general_overflow_altar,
          mainiacjoe_overflow_tiny_flanked, minmay_temple_entry_glassed_door,
          serial_shops, nicolae_shop_peninsula, kennysheep_generic_room_11
D:8:      layout_layer_cave, grunt_gozag_statues, overflow_temple_1_default,
          erik_lair_orcish_takeover, minivault_19, solitary_fountain,
          dreamdust_princess_bridge, grunt_decor_cap, nicolae_lava_and_water,
          uniq_pikel, uniq_prince_ribbit1
D:9:      layout_rooms, david_orc_5, ebering_ghost_reflecting_pool
D:10:     layout_rooms, nicolae_ru_path_of_blood
Temple:   compressed_dpeg_triangle_lava_temple
Lair:1:   layout_hall_layers, serial_bayou_shore_a, uniq_harold
Lair:2:   layout_small_grid, infiniplex_staircase_pool_2
Lair:3:   layout_loops_ring, minmay_shoals_entry_beasts,
          nicolae_spider_entry_non_spiders
Lair:4:   layout_cave_pods, dpeg_slime_entry_enclosed, uniq_snorg
Lair:5:   hellmonk_lair_end_abyssal_woods, layout_loops_ring
Orc:1:    layout_caves, okawaru_metal_pillars_1_2
Orc:2:    grunt_orc_gardens, layout_caves, grunt_orc_garden, grunt_orc_garden,
          grunt_orc_garden, grunt_orc_garden, gammafunk_ghost_split

Notes
Turn   | Place    | Note
-------+----------+-------------------------------------------
     0 | D:1      | Drazool the Demonspawn Gladiator began the quest for the
                  | Orb.
     0 | D:1      | Reached XP level 1. HP: 16/16 MP: 1/1
    68 | D:1      | Reached skill level 3 in Long Blades
   113 | D:1      | Gained mutation: Your touch may inflict minor irresistible
                  | damage on your foes. [demonic ancestry]
   113 | D:1      | Reached XP level 2. HP: 22/22 MP: 2/2
   322 | D:1      | Identified a +0 crystal plate armour
   855 | D:2      | Found Atwehev's Armour Shoppe.
   910 | D:2      | Gained mutation: A weak demonic guardian rushes to your
                  | aid. [demonic ancestry]
   910 | D:2      | Reached XP level 3. HP: 27/27 MP: 3/3
  1030 | D:2      | Reached skill level 4 in Long Blades
  1125 | D:2      | Found Baumiyqeps's Book Shoppe.
  1187 | D:2      | Found Nifun's Distillery.
  1290 | D:2      | Noticed Robin
  1488 | D:2      | Killed Robin
  1489 | D:2      | Gained mutation: You sometimes gain a little power by
                  | taking damage. [demonic ancestry]
  1489 | D:2      | Reached XP level 4. HP: 33/33 MP: 4/4
  1635 | D:2      | Found Castraung's Antique Armour Shop.
  1691 | D:2      | Found a faded altar of an unknown god.
  1856 | D:3      | Noticed Grinder
  1997 | D:3      | Paralysed by Grinder for 2 turns
  2012 | D:3      | Killed Grinder
  2013 | D:3      | Reached skill level 6 in Long Blades
  2013 | D:3      | Reached XP level 5. HP: 10/38 MP: 5/5
  2013 | D:3      | Reached XP level 6. HP: 12/44 MP: 6/6
  2951 | D:4      | Found a radiant altar of Vehumet.
  3113 | D:4      | Reached skill level 7 in Long Blades
  3130 | D:4      | Found a hazy altar of Hepliaklqana.
  3132 | D:4      | Noticed Dowan
  3154 | D:4      | Killed Dowan
  3155 | D:4      | Reached XP level 7. HP: 49/50 MP: 7/7
  3192 | D:4      | Found a bloodstained altar of Trog.
  3194 | D:4      | Noticed Duvessa
  3211 | D:4      | Noticed Natasha
  3217 | D:4      | Killed Duvessa
  3222 | D:4      | Killed Natasha
  3628 | D:4      | Noticed Natasha
  3635 | D:4      | Killed Natasha
  3636 | D:4      | Reached skill level 8 in Long Blades
  3674 | D:5      | Entered Level 5 of the Dungeon
  3676 | D:5      | Noticed Eustachio
  3730 | D:4      | Noticed Natasha
  3734 | D:4      | Killed Natasha
  4082 | D:5      | Reached skill level 9 in Long Blades
  4082 | D:5      | Gained mutation: You sometimes gain power by taking damage.
                  | [demonic ancestry]
  4082 | D:5      | Reached XP level 8. HP: 54/56 MP: 8/8
  4456 | D:5      | Killed Eustachio
  4794 | D:6      | Reached skill level 10 in Long Blades
  4934 | D:6      | Found a basalt altar of Yredelemnul.
  5338 | D:6      | Reached skill level 11 in Long Blades
  5558 | D:7      | Found an ancient bone altar of Kikubaaqudgha.
  5563 | D:7      | You fall into a shaft and drop 3 floors!
  5563 | D:10     | Entered Level 10 of the Dungeon
  5571 | D:10     | Noticed a two-headed ogre
  5589 | D:9      | Gained mutation: You are partially covered in icy blue
                  | scales. (AC +2) [demonic ancestry]
  5589 | D:9      | Reached XP level 9. HP: 14/61 MP: 3/9
  5607 | D:9      | Noticed a manticore
  5630 | D:9      | Killed a manticore
  5892 | D:9      | Reached skill level 12 in Long Blades
  6189 | D:9      | HP: 6/61 [orc warrior/+0 long sword (4)]
  6190 | D:9      | Identified the ring of Reveif {rCorr MP+9 Str+6}
  6207 | D:9      | HP: 3/59 [bullfrog (4)]
  6216 | D:9      | Found a staircase to the Orcish Mines.
  6499 | D:9      | Reached skill level 13 in Long Blades
  6762 | D:8      | Noticed Prince Ribbit
  6767 | D:8      | Killed Prince Ribbit
  6777 | D:8      | Reached XP level 10. HP: 61/67 MP: 8/10
  6803 | D:8      | Found a shimmering blue altar of Sif Muna.
  6835 | D:8      | Noticed Pikel
  6850 | D:8      | Killed Pikel
  7018 | D:7      | Reached skill level 1 in Armour
  7210 | D:7      | Found a staircase to the Ecumenical Temple.
  7215 | Temple   | Entered the Ecumenical Temple
  7268 | Temple   | Became a worshipper of Cheibriados the Contemplative
  7319 | D:7      | Reached skill level 3 in Fighting
  7473 | D:7      | Reached skill level 2 in Armour
  7673 | D:7      | Found Manigayh's Assorted Antiques.
  7692 | D:7      | Bought a scroll labelled VOBREU FAEL for 29 gold pieces
  7789 | D:7      | Found a broken altar of Ashenzari.
  7931 | D:8      | Found a staircase to the Lair.
  8109 | D:8      | Reached * piety under Cheibriados
  8110 | D:8      | Reached skill level 4 in Fighting
  8113 | D:8      | Reached skill level 3 in Armour
  8234 | D:8      | Reached skill level 5 in Fighting
  8234 | D:8      | Reached skill level 4 in Armour
  8380 | D:8      | Reached skill level 1 in Invocations
  8410 | D:8      | Reached skill level 2 in Invocations
  8415 | D:8      | Identified a +0 robe of the Archmagi
  8425 | D:8      | Found an opulent altar of Gozag.
  8474 | D:8      | Reached skill level 3 in Invocations
  8570 | D:8      | Reached ** piety under Cheibriados
  8582 | D:8      | Reached skill level 4 in Invocations
  9391 | D:9      | Found a runed translucent door.
  9396 | D:9      | Noticed Irreverend's ghost (novice DrFE)
  9497 | D:10     | Reached skill level 5 in Invocations
  9554 | D:10     | Killed a two-headed ogre
  9555 | D:10     | Reached skill level 6 in Invocations
  9555 | D:10     | Reached XP level 11. HP: 79/79 MP: 14/16
  9565 | D:10     | Reached skill level 7 in Invocations
  9575 | D:10     | Reached *** piety under Cheibriados
  9667 | D:10     | Reached skill level 5 in Armour
 10057 | D:10     | Found a sacrificial altar of Ru.
 10412 | Lair:1   | Entered Level 1 of the Lair of Beasts
 10428 | Lair:1   | Noticed a death yak
 10428 | Lair:1   | Noticed a death yak
 10440 | Lair:1   | Reached skill level 2 in Throwing
 10618 | D:8      | Killed a death yak
 10635 | Lair:1   | Killed a death yak
 10636 | Lair:1   | Reached skill level 6 in Armour
 10752 | Lair:1   | Reached skill level 3 in Throwing
 10806 | Lair:1   | Reached skill level 7 in Armour
 10812 | Lair:1   | Reached skill level 4 in Throwing
 11286 | Lair:1   | Reached **** piety under Cheibriados
 11303 | Lair:1   | Reached skill level 8 in Armour
 11335 | Lair:1   | Noticed Harold
 11351 | Lair:1   | Killed Harold
 11795 | Lair:1   | Reached skill level 5 in Throwing
 11957 | Lair:2   | Noticed a skyshark
 11965 | Lair:2   | Killed a skyshark
 12174 | Lair:2   | Reached XP level 12. HP: 64/86 MP: 12/17
 12345 | Lair:2   | Reached skill level 9 in Armour
 12929 | Lair:2   | Identified a scroll of acquirement
 13428 | D:7      | Acquired the +7 triple sword "Gyejid" {venom, rPois Dex+3
                  | Stlth-}
 13554 | Lair:3   | Reached skill level 6 in Throwing
 13557 | Lair:3   | Noticed a five-headed hydra
 13570 | Lair:3   | Killed a five-headed hydra
 13570 | Lair:3   | Reached ***** piety under Cheibriados
 13619 | Lair:3   | Found a staircase to the Shoals.
 13713 | Lair:3   | Noticed a catoblepas
 13723 | Lair:3   | Reached skill level 10 in Armour
 13723 | Lair:3   | Killed a catoblepas
 13928 | Lair:3   | Found a hole to the Spider Nest.
 13952 | Lair:3   | Noticed a demonic crawler
 13957 | Lair:3   | Killed a demonic crawler
 14006 | Lair:3   | Identified the +6 spear of Zuqej {distort, +Blink rN+++
                  | Int-4}
 14454 | Lair:4   | Reached skill level 8 in Invocations
 14457 | Lair:4   | Reached skill level 14 in Long Blades
 14472 | Lair:4   | Reached skill level 9 in Invocations
 14943 | Lair:4   | Reached XP level 13. HP: 86/91 MP: 18/20
 15012 | Lair:4   | Noticed Snorg
 15023 | Lair:4   | Killed Snorg
 15024 | Lair:4   | Reached skill level 10 in Invocations
 15391 | Lair:4   | Found a staircase to the Slime Pits.
 15649 | Lair:4   | Reached skill level 11 in Invocations
 15746 | Lair:5   | Entered Level 5 of the Lair of Beasts
 15843 | Lair:5   | Reached skill level 15 in Long Blades
 16101 | Lair:5   | Reached skill level 12 in Invocations
 16234 | Lair:5   | Reached ****** piety under Cheibriados
 16539 | Lair:5   | Reached skill level 13 in Invocations
 16871 | Lair:5   | Gained mutation: You are mostly covered in icy blue scales.
                  | (AC +3) [demonic ancestry]
 16871 | Lair:5   | Reached XP level 14. HP: 30/98 MP: 9/24
 17404 | Lair:5   | Reached skill level 16 in Long Blades
 17425 | Lair:5   | Reached skill level 14 in Invocations
 17539 | Lair:5   | Found a corrupted altar of Lugonu.
 17539 | Lair:5   | Found a one-way gate to the infinite horrors of the Abyss.
 17553 | Lair:5   | Identified the ring "Virghyew" {Will+ rCorr}
 17806 | Orc:1    | Entered Level 1 of the Orcish Mines
 17912 | Orc:1    | Noticed an orc warlord
 18138 | D:9      | Killed an orc warlord
 18377 | Orc:1    | Found an iron altar of Okawaru.
 18653 | Orc:2    | Entered Level 2 of the Orcish Mines
 18653 | Orc:2    | Noticed an orc warlord
 18669 | Orc:1    | Killed an orc warlord
 18794 | Orc:1    | Reached skill level 15 in Invocations
 18959 | Orc:2    | Found a staircase to the Elven Halls.
 19087 | Orc:2    | Found Upeofruo's General Store.
 19215 | Orc:2    | Found a runed translucent gate.
 19215 | Orc:2    | Found a runed translucent gate.
 19215 | Orc:2    | Noticed Adrian566's ghost (journeyman HOFi)
 19225 | Orc:2    | Found a runed translucent gate.
 19464 | Orc:2    | Noticed an orc warlord
 19479 | Orc:1    | HP: 9/98 [orc warlord/+0 war axe of venom (24)]
 19482 | Orc:1    | Killed an orc warlord
 19495 | Orc:1    | HP: 9/98 [poisoned by an orc warlord]
 19756 | Orc:1    | Slain by an orc knight

Vanquished Creatures
  3 orc warlords
  Snorg (Lair:4)
  Harold (Lair:1)
  6 hydras
  2 two-headed ogres
  A catoblepas (Lair:3)
  3 orc high priests (Orc:2)
  A demonic crawler (Lair:3)
  2 thrashing horrors (Lair:5)
  2 death yaks
  A skyshark (Lair:2)
  Pikel (D:8)
  An ugly thing (Lair:5)
  An orc sorcerer (Orc:2)
  2 manticores
  20 elephants
  8 black mambas
  4 smoke demons (Lair:5)
  A gargoyle (D:10)
  6 cane toads
  2 torpor snails
  7 komodo dragons
  An ancient zyme (Lair:5)
  A wind drake (Lair:3)
  3 large abominations (Lair:5)
  5 trolls
  24 blink frogs
  Prince Ribbit (D:8)
  Grinder (D:3)
  50 yaks
  A fire bat (shapeshifter) (Lair:5)
  A spriggan (Lair:5)
  A steam dragon (D:9)
  A ynoxinul (Lair:5)
  Eustachio (D:5)
  A wyvern (D:8)
  2 basilisks
  8 small abominations (Lair:5)
  4 wargs
  12 water moccasins
  Duvessa (D:4)
  30 orc warriors
  2 black bears
  An ice beast (D:6)
  4 wolves (Lair:5)
  5 ogres
  3 centaurs
  3 kobold brigands
  A phantom (D:6)
  A bullfrog (shapeshifter) (Lair:5)
  A wyvern zombie (D:6)
  8 bullfrogs
  A gnoll sergeant (D:8)
  8 scorpions
  6 wights (D:8)
  Dowan (D:4)
  10 killer bees (D:7)
  11 howler monkeys
  2 electric eels (D:8)
  A bullfrog zombie (D:6)
  A hound (D:5)
  20 orc priests
  2 iguanas
  23 orc wizards
  A sleepcap (D:6)
  Natasha (thrice) (D:4)
  Robin (D:2)
  6 gnolls
  11 adders
  A shadow imp (D:5)
  A white imp (D:6)
  3 worms
  2 dart slugs
  73 orcs
  6 ball pythons
  A bat (D:2)
  7 endoplasms
  5 giant cockroaches
  10 goblins
  4 hobgoblins
  4 jackals (D:2)
  A quokka (D:4)
  7 frilled lizards
  24 kobolds
  4 rats
515 creatures vanquished.

Vanquished Creatures (collateral kills)
  A thrashing horror (Lair:5)
  A yak (Lair:2)
  2 wargs (D:7)
  A bullfrog (D:9)
5 creatures vanquished.

Vanquished Creatures (others)
  An orc (D:9)
1 creature vanquished.

Grand Total: 521 creatures vanquished

Table legend: (Time is in decaauts)
 A = Elapsed time spent in this place.
 B = Non-inter-level travel time spent in this place.
 C = Inter-level travel time spent in this place.
 D = Time resting spent in this place.
 E = Time spent auto-exploring this place.
 F = Levels seen in this place.
 G = Mean time per level.
                   A        B        C        D        E       F      G
               +--------+--------+--------+--------+--------+-----+--------+
         Total |  25129 |  23233 |   1896 |   2721 |  16456 |  18 | 1396.1 |
       Dungeon |  12480 |  11242 |   1238 |   1722 |   7362 |  10 | 1248.0 |
        Temple |     64 |     53 |     11 |      0 |     39 |   1 |   64.0 |
          Lair |  10541 |   9895 |    646 |    506 |   7846 |   5 | 2108.2 |
  Orcish Mines |   2043 |   2043 |      0 |    492 |   1208 |   2 | 1021.5 |
               +--------+--------+--------+--------+--------+-----+--------+

Top non-repeatable levels by time:
  Lair:5: 2502 daAuts
  Lair:4: 2360 daAuts
  Lair:2: 2236 daAuts
     D:8: 2154 daAuts
  Lair:1: 2093 daAuts
     D:9: 1920 daAuts
     D:7: 1565 daAuts
     D:2: 1407 daAuts
  Lair:3: 1348 daAuts
   Orc:1: 1201 daAuts
     D:6: 969 daAuts
    D:10: 967 daAuts
     D:5: 947 daAuts
     D:4: 912 daAuts
     D:1: 851 daAuts

Table legend:
 A = Non-vault XP
 B = Vault XP
 C = Vault XP percentage of total XP
 D = Non-vault monster count
 E = Vault monster count
 F = Vault count percentage of total count
                 A         B        C        D         E       F
            +---------+---------+-------+---------+---------+-------
      Total |   60131 |   22455 |  27.2 |     406 |     114 |  21.9
            +---------+---------+-------+---------+---------+-------
        D:1 |      34 |       0 |   0.0 |      19 |       0 |   0.0
        D:2 |      64 |      34 |  34.7 |      16 |      14 |  46.7
        D:3 |      29 |     258 |  89.9 |       9 |       1 |  10.0
        D:4 |     392 |     253 |  39.2 |      24 |       3 |  11.1
        D:5 |     470 |     202 |  30.1 |      10 |       1 |   9.1
        D:6 |     830 |     134 |  13.9 |      17 |       2 |  10.5
        D:7 |    1070 |     405 |  27.5 |      19 |       5 |  20.8
        D:8 |    2849 |    1120 |  28.2 |      36 |       5 |  12.2
        D:9 |    4343 |     885 |  16.9 |      40 |      21 |  34.4
       D:10 |    2659 |       0 |   0.0 |      27 |       0 |   0.0
     Lair:1 |    6801 |     873 |  11.4 |      19 |       1 |   5.0
     Lair:2 |    3144 |       0 |   0.0 |      12 |       0 |   0.0
     Lair:3 |    5271 |    1939 |  26.9 |      20 |      10 |  33.3
     Lair:4 |   14738 |     939 |   6.0 |      48 |       1 |   2.0
     Lair:5 |   12364 |    9840 |  44.3 |      34 |      34 |  50.0
      Orc:1 |    3125 |    2167 |  40.9 |      33 |       7 |  17.5
      Orc:2 |    1948 |    3406 |  63.6 |      23 |       9 |  28.1
            +---------+---------+-------+---------+---------+-------
